 Dungeon Crawl Stone Soup version 0.28-a0-313-gbc0475efdd (webtiles) character file.

Game seed: 16575549293732862121

184 Sweetruy1997 the Stinger (level 5, -4/33 HPs)
             Began as an Octopode Venom Mage on Aug 31, 2021.
             Slain by Grinder (6 damage)
             ... while paralysed by Grinder
             ... on level 3 of the Dungeon.
             The game lasted 00:07:33 (3711 turns).

Sweetruy1997 the Stinger (Octopode Venom Mage)      Turns: 3711, Time: 00:07:34

Health: -4/33      AC:  1    Str:  7    XL:     5   Next: 63%
Magic:  5/9        EV:  2    Int: 18    God:
Gold:   99         SH:  0    Dex: 13    Spells: 0/10 levels left

rFire   + . .      SeeInvis .   b - +0 club
rCold   x . .      Faith    .   h - +0 buckler
rNeg    . . .      Spirit   .   (helmet restricted)
rPois   .          Reflect  .   (no amulet)
rElec   .          Harm     .   m - ring of fire
rCorr   .          Rampage  .   (no ring)
Will    .....                   (no ring)
Stlth   +++.......              (no ring)
HPRegen 0.11/turn               (no ring)
MPRegen 0.11/turn               (no ring)
                                (no ring)
                                (no ring)

@: paralysed, very slightly contaminated, invisible
A: almost no armour, amphibious, 8 rings, camouflage 1, gelatinous body 1,
(nimble swimmer 1), tentacles
a: no special abilities


You were on level 3 of the Dungeon.
You visited 1 branch of the dungeon, and saw 3 of its levels.

You collected 99 gold pieces.

Inventory:

Hand Weapons
 b - a +0 club (weapon)
Armour
 h - a +0 buckler (worn)
Jewellery
 m - a ring of fire (left tentacle)
Wands
 i - a wand of polymorph (10)
Scrolls
 a - a scroll of vulnerability {unknown}
 c - a scroll of enchant weapon {unknown}
 e - a scroll of acquirement {unknown}
 g - a scroll of enchant armour {unknown}
 j - 2 scrolls of identify {unknown}
Potions
 f - a potion of degeneration {unknown}
 k - a potion of attraction {unknown}
 l - a potion of haste {unknown}


   Skills:
 + Level 1.0 Fighting
 + Level 0.4 Maces & Flails
 + Level 2.2 Dodging
 + Level 3.1 Stealth
 + Level 3.1 Spellcasting
 + Level 2.1 Transmutations
 + Level 0.2 Air Magic
 + Level 5.4 Poison Magic


You couldn't memorise any spells.
You knew the following spells:

 Your Spells              Type           Power      Damage    Failure   Level
a - Sting                 Tmut/Pois      64%        1d6       6%          1
b - Poisonous Vapours     Pois/Air       26%        N/A       13%         2
c - Mephitic Cloud        Conj/Pois/Air  9%         N/A       36%         3
d - Olgreb's Toxic Radia  Pois           22%        N/A       28%         4

Your spell library contained the following spells:

 Spells                   Type           Power      Damage    Failure   Level


Dungeon Overview and Level Annotations

Branches:
Dungeon (3/15)

Altars:

Shops:
D:3 :[[

Annotations:
D:3 Grinder


Innate Abilities, Weirdness & Mutations

You cannot wear most types of armour.
You are amphibious.
You can wear up to eight rings at the same time.
Your skin changes colour to match your surroundings (Stealth+).
Your rubbery body absorbs attacks. (AC +1, EV +1)
((You are camouflaged near water. (Stealth+)))
You have tentacles for arms and can constrict up to eight enemies at once.


Message History

You resist with significant effort. Grinder gestures at you.
You shrug off the repeated paralysis!
You can move again.
The sting hits Grinder.
Grinder partially resists.
Grinder is lightly wounded.
The sting hits Grinder.
Grinder partially resists.
Grinder is poisoned.
Grinder is lightly wounded.
You block Grinder's attack.
The sting hits Grinder.
Grinder partially resists.
Grinder is lightly wounded.
Grinder misses you.
The sting hits Grinder.
Grinder partially resists.
Grinder is moderately wounded.
Grinder gestures at you. Pain shoots through your body!
* * * LOW HITPOINT WARNING * * *
You hit Grinder. You grab Grinder.
Grinder is moderately wounded.
You constrict Grinder. You block Grinder's attack.
You hit Grinder.
Grinder is heavily wounded.
You constrict Grinder, but do no damage.
Grinder barely misses you.
You hit Grinder but do no damage.
Grinder is heavily wounded.
You constrict Grinder.
Grinder struggles to blink free from constriction.
Grinder hits you.
* * * LOW HITPOINT WARNING * * *
You writhe in agony.
* * * LOW HITPOINT WARNING * * *
It was a potion of invisibility.
You fade into invisibility!
You constrict Grinder. Grinder gestures at you.
You suddenly lose the ability to move!
You lose your grip on Grinder.
You are very lightly contaminated with residual magic.
Grinder hits you.
You die...

#....## #..... . #....# ..
#....# ... #....#
...(###....######
........5.......# S.
........@.......# ..
###.....#.)....# ..####
#.....###...## .....# #.....#
#...# .....# #.....###...#
.....#######...........#
.............####.....##
.............####.....##########
#......†........#.....##.......#


You could see Grinder (poisoned).

Vanquished Creatures
  A gnoll shaman (D:2)
  Natasha (D:3)
  Robin (D:1)
  4 gnolls (D:2)
  2 adders
  A worm (D:2)
  3 dart slugs (D:1)
  6 bats
  5 endoplasms
  A giant cockroach (D:2)
  10 goblins
  6 hobgoblins
  2 kobolds
  4 ball pythons
  6 frilled lizards
  3 rats
56 creatures vanquished.

Notes
Turn   | Place    | Note
-------+----------+-------------------------------------------
     0 | D:1      | Sweetruy1997 the Octopode Venom Mage began the quest for
                  | the Orb.
     0 | D:1      | Reached XP level 1. HP: 11/11 MP: 3/3
   122 | D:1      | Reached skill level 4 in Poison Magic
   131 | D:1      | Reached XP level 2. HP: 17/17 MP: 1/5
  1309 | D:1      | Reached XP level 3. HP: 21/21 MP: 3/6
  1312 | D:1      | Learned a level 2 spell: Poisonous Vapours
  1316 | D:1      | Learned a level 3 spell: Mephitic Cloud
  1596 | D:2      | Noticed Robin
  1641 | D:1      | Killed Robin
  1642 | D:1      | Reached XP level 4. HP: 14/27 MP: 0/7
  2400 | D:2      | Reached skill level 1 in Fighting
  2404 | D:2      | Reached skill level 5 in Poison Magic
  2404 | D:2      | Reached XP level 5. HP: 4/33 MP: 0/9
  3399 | D:3      | Found Ewuempok's Book Shop.
  3399 | D:3      | Found Fiedait's Armour Shop.
  3516 | D:3      | Found Esanyffi's Armour Shoppe.
  3565 | D:3      | Noticed Natasha
  3570 | D:3      | Killed Natasha
  3623 | D:3      | Learned a level 4 spell: Olgreb's Toxic Radiance
  3693 | D:3      | Noticed Grinder
  3699 | D:3      | Paralysed by Grinder for 3 turns
  3710 | D:3      | Paralysed by Grinder for 6 turns
  3711 | D:3      | Slain by Grinder

Illustrated notes

Levels and vault maps discovered:
D:1:      wheals_arrival_shading, layout_basic, chequers_arboretum
D:2:      layout_loops_ring, minmay_pentomino_t4, uniq_robin
D:3:      layout_basic, serial_shops, shop, shop, shop, nicolae_square_shop,
          uniq_crazy_yiuf_cottage, uniq_grinder, uniq_natasha, uniq_terence

Skill      XL: |  1  2  3  4  5 |
---------------+----------------+-----
Poison Magic   | 4 5 |  5.4
Stealth        | 3 |  3.1
Fighting       | 1 |  1.0
Transmutations | 2 |  2.1
Spellcasting   | 3 |  3.1
Maces & Flails | |  0.4
Dodging        | |  2.2
Air Magic      | |  0.2

Action                   |  1- 3 |  4- 6 || total
-------------------------+-------+-------++-------
Melee: Unarmed           |     8 |       ||     8
       Club              |    30 |    35 ||    65
       Constrict         |     5 |    10 ||    15
       Tentacles         |     2 |     5 ||     7
 Cast: Sting             |    41 |    46 ||    87
       Poisonous Vapours |     3 |     3 ||     6
  Use: Potion            |       |     1 ||     1
Armor: Skin              |     8 |     1 ||     9
Dodge: Dodged            |    36 |    29 ||    65
Block: Buckler           |     4 |     5 ||     9

Table legend: (Time is in decaauts)
 A = Elapsed time spent in this place.
 B = Non-inter-level travel time spent in this place.
 C = Inter-level travel time spent in this place.
 D = Time resting spent in this place.
 E = Time spent auto-exploring this place.
 F = Levels seen in this place.
 G = Mean time per level.
                   A        B        C        D        E       F      G
               +--------+--------+--------+--------+--------+-----+--------+
         Total |   3741 |   3627 |    114 |   1116 |   2027 |   3 | 1247.0 |
       Dungeon |   3741 |   3627 |    114 |   1116 |   2027 |   3 | 1247.0 |
               +--------+--------+--------+--------+--------+-----+--------+

Top non-repeatable levels by time:
     D:1: 1886 daAuts
     D:2: 1534 daAuts
     D:3: 319 daAuts
